Map: Cerulean Fall LE

Players

Trizztein

  • Race: Terran Terran
  • Spawn Location: 1:00

A.I. 1 (Very Easy) - Winner!

  • Race: Protoss Protoss
  • Spawn Location: 7:00

VOD

Have the link to the VOD?

Description

Time

  • Played on: Dec. 4, 2018, 9:50 a.m.
  • Length: 7:41
Show
View Real Time Build Order
Export as new Build Order

Trizztein Terran 

Build Orders: Mech 

Get SALT Encoding   

  12  0:00  SCV  
  13  0:13  SCV  
  14  0:17  Supply Depot  
  14  0:25  SCV  
  15  0:30  Refinery  
  15  0:39  SCV  
  16  0:45  Barracks  
  16  0:51  SCV  
  17  1:03  SCV  
  18  1:15  SCV  
  19  1:32  Orbital Command  
  20  1:33  Marine  
  20  1:34  Factory  
  20  1:48  Supply Depot  
  20  1:53  Marine  
  21  1:58  Bunker  
  21  2:00  SCV  
  22  2:11  Marine  
  22  2:12  SCV  
  24  2:20  Widow Mine  
  26  2:23  Armory  
  26  2:24  SCV  
  28  2:32  Barracks Tech Lab  
  27  2:37  SCV  
  27  2:43  Command Center  
  28  2:49  Supply Depot  
  29  2:51  SCV  
  29  2:55  Refinery  
  29  3:03  SCV  
  30  3:09  Drilling Claws  
  30  3:11  Widow Mine, Supply Depot  
  32  3:16  SCV  
  33  3:28  SCV  
  34  3:35  Starport  
  34  3:40  SCV  
  37  3:41  Widow Mine  
  37  3:42  Refinery  
  37  3:43  Refinery  
  37  3:52  SCV  
  37  3:55  Orbital Command  
  40  4:03  Widow Mine  
  40  4:04  SCV  
  41  4:12  Medivac  
  41  4:16  SCV  
  44  4:21  Supply Depot  
  44  4:23  Thor  
  50  4:25  SCV  
  51  4:33  SCV  
  51  4:36  Factory  
  51  4:38  Barracks Reactor  
  52  4:41  SCV  
  52  4:45  SCV  
  54  4:52  Supply Depot  
  54  4:53  Starport Tech Lab, SCV  
  54  4:57  SCV  
  56  5:02  Factory  
  56  5:05  SCV  
  57  5:14  Thor  
  63  5:21  Supply Depot  
  63  5:22  Terran Vehicle And Ship Armor Level 1  
  63  5:32  SCV  
  64  5:36  Supply Depot  
  64  5:38  SCV  
  64  5:42  Widow Mine x2  
  69  5:44  SCV  
  69  5:46  Supply Depot  
  70  5:50  SCV  
  70  5:53  Thor  
  70  5:56  SCV  
  78  6:03  SCV  
  79  6:06  Thor  
  79  6:09  Supply Depot  
  85  6:12  Supply Depot  
  85  6:13  Liberator  
  85  6:23  SCV x2  
  87  6:27  Widow Mine  
  87  6:28  Widow Mine  
  87  6:32  Supply Depot  
  94  6:34  Supply Depot  
  94  6:35  SCV  
  95  6:42  Siege Tank  
  95  6:43  SCV  
  99  6:48  SCV  
  100  6:58  Siege Tank  
  100  7:00  Hellion x2, SCV  
  108  7:01  Supply Depot  
  108  7:04  Supply Depot  
  108  7:11  SCV  
  108  7:12  SCV  
  108  7:14  Command Center  
  110  7:24  SCV  
  110  7:26  Supply Depot  
Show
View Real Time Build Order
Export as new Build Order

A.I. 1 (Very Easy) Protoss - Winner!

Build Orders:  

Get SALT Encoding   

  12  0:00  Probe  
  13  0:13  Probe  
  14  0:20  Pylon  
  14  0:36  Assimilator  
  14  0:43  Gateway  
  14  0:46  Pylon  
  14  1:14  Assimilator  
  14  1:22  Zealot  
  14  1:23  Probe  
  14  1:31  Probe  
  17  1:33  Cybernetics Core  
  18  1:41  Probe  
  19  1:53  Probe  
  20  1:59  Warp Gate  
  20  2:01  Probe  
  21  2:09  Probe  
  22  2:37  Stalker  
  24  5:23  Probe  
  16  5:31  Probe  
  16  5:39  Probe  
  18  5:50  Probe  
  19  6:02  Probe  
  15  6:10  Probe  
  15  6:18  Probe  
  17  6:28  Probe  
  14  6:41  Probe  
  15  6:53  Probe  
  16  6:59  Adept  
  13  7:02  Pylon  
  13  7:05  Probe  
  13  7:06  Robotics Facility  
  14  7:11  Nexus  
  14  7:14  Probe  
  14  7:22  Probe  
Tags
 
Composition
Mech
Matchup
PvT
Spawn Locations
Cross Positions
Add a new tag
Caveats
  • Supply blocks, unpowered buildings, or Contaminate may cause inaccurate times.
  • Supply counts are checked every 10 seconds.